 Dungeon Crawl Stone Soup version 0.20-a0-386-g2d247ea (webtiles) character file.

353 Kurtz the Cudgeler (level 6, 0/56 HPs)
             Began as a Naga Monk on Dec 29, 2016.
             Was a Believer of Okawaru.
             Killed by nerve-wracking pain
             ... invoked by a shadow imp
             ... summoned by Eustachio
              (1 damage)
             ... on level 4 of the Dungeon.
             The game lasted 00:06:08 (5480 turns).

Kurtz the Cudgeler (Naga Monk)                      Turns: 5480, Time: 00:06:08

Health: 0/56       AC:  8    Str: 13    XL:     6   Next: 62%
Magic:  6/6        EV:  1    Int: 11    God:    Okawaru [**....]
Gold:   160        SH:  0    Dex: 15    Spells: 5/5 levels left

rFire  . . .     SeeInvis +     a - +1 mace
rCold  . . .     Gourm    .     t - +0 plate armour
rNeg   . . .     Faith    .     (no shield)
rPois  +         Spirit   .     (no helmet)
rElec  .         Reflect  .     (no cloak)
rCorr  +         Harm     .     i - +0 pair of gloves
MR     .....                    (no barding)
Stlth  ..........               (no amulet)
                                o - ring of loudness (curse)
                                k - ring of resist corrosion

@: very slow
A: see invisible, deformed body, poison resistance, slowness 2, slow metabolism
1, spit poison 1, AC +2
a: Spit Poison, Heroism, Renounce Religion


You were on level 4 of the Dungeon.
You worshipped Okawaru.
Okawaru was pleased with you.
You were not hungry.

You visited 2 branches of the dungeon, and saw 5 of its levels.

You collected 160 gold pieces.

Inventory:

Hand Weapons
 a - a +1 mace (weapon)
Missiles
 r - a throwing net (quivered)
Armour
 i - a +0 pair of gloves (worn)
 t - a +0 plate armour (worn)
Jewellery
 k - a ring of resist corrosion (left hand)
 o - a cursed ring of loudness (right hand)
 q - an uncursed ring of flight
Scrolls
 e - a scroll of teleportation {unknown}
 f - 3 scrolls of enchant weapon
 j - 2 scrolls of noise {unknown}
 l - 2 scrolls of remove curse {unknown}
 m - a scroll of blinking {unknown}
 n - 2 scrolls of identify {unknown}
 u - a scroll of magic mapping {unknown}
Potions
 d - a potion of flight
 h - a potion of heal wounds {unknown}
 s - a potion of invisibility
Comestibles
 c - a bread ration
 g - a meat ration
 p - a slice of pizza


   Skills:
 - Level 3.0 Fighting
 * Level 7.2 Maces & Flails
 * Level 0.1 Armour
 - Level 2.4 Dodging
 - Level 3.0 Stealth


You had 5 spell levels left.
You didn't know any spells.

Dungeon Overview and Level Annotations

Branches:
Dungeon (4/15)             Temple (1/1) D:4

Altars:
Ashenzari
Cheibriados
Dithmenos
Elyvilon
Fedhas
Gozag
Kikubaaqudgha
Nemelex Xobeh
Okawaru
Qazlal
Ru
Sif Muna
Trog
Uskayaw
Vehumet
Xom
Yredelemnul
Zin

Annotations:
D:3 nxtlvl's ghost, amateur KoFi
D:4 Eustachio; Heef's ghost, novice FoFi


Innate Abilities, Weirdness & Mutations

You cannot wear boots.
Your serpentine skin is tough. (AC +2)
You have supernaturally acute eyesight. (SInv)
Armour fits poorly on your strangely shaped body.
Your system is resistant to poisons. (rPois)
You cover ground very slowly.
You have a slow metabolism.
You can spit poison.


Message History

Heef's ghost hits you but does no damage.
Eustachio hits you but does no damage. The bat hits you but does no damage.
The bat hits you. The bat hits you but does no damage. Heef's ghost hits you.
Eustachio casts a spell.
The rat disappears in a puff of smoke!
The bat hits you but does no damage.
Eustachio gestures wildly while chanting.
The bat hits you. The shadow imp gestures at you.
Pain shoots through your body!
* * * LOW HITPOINT WARNING * * *
Heef's ghost screams, "I was like you once."
Heef's ghost hits you!
* * * LOW HITPOINT WARNING * * *
There is an escape hatch in the ceiling here.
Unknown command.
The bat hits you but does no damage. The shadow imp gestures at you.
Pain shoots through your body!
You die...

...... ......
.#######.##.########..
..........#>..........
#######.#5#.##########
........5.............
###########.##.b#.........
#...........5@r.#.........
#........b..##.[#.........
#........@W.##..#.........
#...........##..#.........
#.....########.>#......###
#........# ##.#.######
#..<.....######.#.######
#...........<..).........
###......###.##.#.#######
#.#+#### #.##.#... #.#
#.##.......


You could see Eustachio, an iron imp, Heef's ghost, a white imp, a shadow imp, a
quokka and 2 bats.

Vanquished Creatures
  Sigmund (D:3)
  A jelly (D:2)
  Natasha (D:2)
  6 adders
  An ooze (D:2)
  4 worms (D:2)
  3 dart slugs
  A leopard gecko (D:1)
  An orc (D:3)
  9 giant cockroaches
  12 goblins
  8 hobgoblins
  3 jackals
  A kobold (D:1)
  2 ball pythons (D:3)
  5 bats
  4 frilled lizards
  4 rats
67 creatures vanquished.

Notes
Turn   | Place    | Note
-------+----------+-------------------------------------------
     0 | D:1      | Kurtz the Naga Monk began the quest for the Orb.
     0 | D:1      | Reached XP level 1. HP: 21/21 MP: 1/1
   151 | D:1      | Reached XP level 2. HP: 15/28 MP: 2/2
   971 | D:1      | Reached skill level 4 in Maces & Flails
  1009 | D:1      | Reached XP level 3. HP: 19/34 MP: 3/3
  1893 | D:2      | Reached XP level 4. HP: 25/42 MP: 4/4
  2276 | D:3      | Noticed Sigmund
  2289 | D:2      | Reached skill level 5 in Maces & Flails
  3164 | D:3      | Noticed Natasha
  3179 | D:2      | Killed Natasha
  3179 | D:2      | Reached XP level 5. HP: 23/49 MP: 5/5
  4310 | D:3      | Killed Sigmund
  4310 | D:3      | Reached skill level 7 in Maces & Flails
  4310 | D:3      | Reached XP level 6. HP: 19/56 MP: 6/6
  4619 | D:3      | Found a shimmering altar of Xom.
  4658 | D:3      | Found a hide-covered altar of Uskayaw.
  4699 | D:3      | Noticed nxtlvl's ghost (amateur KoFi)
  4710 | D:4      | Found a staircase to the Ecumenical Temple.
  4719 | Temple   | Entered the Ecumenical Temple
  4757 | Temple   | Became a worshipper of Warmaster Okawaru
  4757 | Temple   | Reached * piety under Okawaru
  4757 | Temple   | Reached ** piety under Okawaru
  5002 | D:3      | Found a basalt altar of Yredelemnul.
  5002 | D:3      | Found an opulent altar of Gozag.
  5003 | D:3      | Found an ancient bone altar of Kikubaaqudgha.
  5004 | D:3      | Found a glowing silver altar of Zin.
  5255 | D:4      | Noticed Heef's ghost (novice FoFi)
  5256 | D:4      | Noticed Eustachio
  5479 | D:4      | HP: 1/56 [Heef's ghost (13)]
  5480 | D:4      | Killed from afar by a shadow imp

Vault maps used:
D:1:      scummos_arrival_hexagon, serial_curves, eino_curves_02, eino_curves_01
D:3:      lemuel_coloured_pillars_altar, grunt_temple_overflow_open,
          first_bread, uniq_natasha, uniq_sigmund
D:4:      marbit_many_paths, uniq_eustachio
Temple:   minmay_temple_bridge_abc

Skill      XL: |  1  2  3  4  5 |
---------------+----------------+-----
Maces & Flails | 4 5 7 |  7.2
Fighting       | |  3.0
Armour         | |  0.1
Dodging        | |  2.4
Stealth        | |  3.0

Action                   |  1- 3 |  4- 6 || total
-------------------------+-------+-------++-------
Melee: Mace              |    91 |   173 ||   264
 Abil: Spit Poison       |     4 |    14 ||    18
  Use: Potion            |       |     2 ||     2
       Scroll            |       |     1 ||     1
 Stab: Sleeping          |     2 |       ||     2
  Eat: Chunk             |     2 |     4 ||     6
       Meat ration       |       |     1 ||     1
       Bread ration      |       |     1 ||     1
Armor: Robe              |     1 |       ||     1
       Leather armour    |    11 |    27 ||    38
       Ring mail         |       |    17 ||    17
       Plate armour      |       |   113 ||   113
Dodge: Dodged            |    40 |    98 ||   138
